 Dungeon Sprint DCSS version 0.23.0 (webtiles) character file.

Game seed: 1410284998404893268

137 nuthulu the Ruffian (level 5, -3/57 HPs)
             Began as a Troll Berserker on Feb 18, 2019.
             Was a Priest of Trog.
             Killed from afar by a deep elf mage (38 damage)
             ... with a bolt of lightning
             ... in the Dungeon (Sprint III: "The Ten Rune Challenge").
             The game lasted 00:01:43 (321 turns).

nuthulu the Ruffian (Troll Berserker)                Turns: 321, Time: 00:01:44

Health: -3/57      AC:  6    Str: 26    XL:     5   Next: 0%
Magic:  4/4        EV: 12    Int:  3    God:    Trog [***...]
Gold:   30         SH:  0    Dex: 11    Spells: 4/4 levels left

rFire    . . .     SeeInvis .     - Unarmed
rCold    . . .     Gourm    +   (no shield)
rNeg     . . .     Faith    .   a - +0 animal skin
rPois    .         Spirit   .   (helmet restricted)
rElec    .         Reflect  .   (no cloak)
rCorr    .         Harm     .   (gloves unavailable)
MR       .....     NoTele   +   (boots unavailable)
Stlth    +.........             (no amulet)
HPRegen  0.59/turn              (no ring)
MPRegen  0.09/turn              (no ring)

@: no status effects
A: large, unfitting armour, claws 3, talons 1, agile 1, blurry vision 2, fast
metabolism 3, gourmand, regeneration 1, shaggy fur 1, tough skin 3, sturdy frame
1
a: Berserk, Trog's Hand, Renounce Religion


You were in the Dungeon.
You worshipped Trog.
Trog was most pleased with you.
You were not hungry.

You visited 1 branch You collected 30 gold pieces.

Inventory:

Armour
 a - a +0 animal skin (worn)
Scrolls
 h - a scroll of blinking
 k - 3 scrolls of remove curse
 l - 2 scrolls of immolation
Potions
 c - a potion of curing
 d - a potion of heal wounds
 e - a potion of haste
 f - 2 potions of magic
 g - a potion of berserk rage
 m - 4 potions of flight
 n - a potion of invisibility
Comestibles
 b - 4 rations


   Skills:
 + Level 5.3 Fighting
 + Level 5.3 Dodging
 + Level 6.4 Unarmed Combat


You had 4 spell levels left.
You didn't know any spells.
Your spell library was empty.

Dungeon Overview and Level Annotations

Branches:
Dungeon (1/1)

Altars:
Elyvilon
Kikubaaqudgha
Sif Muna
Vehumet
Zin
The Shining One


Innate Abilities, Weirdness & Mutations

You are too large for most types of armour.
You have claws for hands.
Your metabolism is lightning-fast.
You like to eat raw meat.
Your natural rate of healing is unusually fast.
You are covered in fur. (AC +1)
You have extremely tough skin. (AC +3)
You have sharp toenails.
You are agile. (Dex +2)
Scrolls take you longer to read.
Your movements are slightly less encumbered by armour. (ER -2)


Message History

You feel yourself slow down.
You start resting.
HP restored.
There is an open door here.
Things that are here:
a +0 dagger; a +0 robe You start waiting.
You start waiting.
You feel yourself speed up.
You start waiting.
You recover from your berserk rage.
There is a fountain of clear blue water here.
As you open the door, it creaks loudly!
You hear a shout!
Found a glowing silver altar of Zin.
A deep elf mage comes into view.
It is wielding a +0 long sword of holy wrath.
The deep elf mage shouts!
The deep elf mage casts a spell at you. The bolt of lightning hits you!!
The bolt of lightning hits you!!!
Ouch! That really hurt!
You die...

▓▓▓▓ ▓▓▓ ...####
##.#####
......#####..#___#
....÷..#..#..#e..#
#.##...#..#..###@#+###+
#.###..##'#..#..........
##.##..###...+.⌠........
..##.÷####...#...######+
..##..###....#.⌠.#
.##...##.....#...#
##....#..÷...#)###
##..##.#.....#.).# #..
####....#___#


You could see a deep elf mage.

Vanquished Creatures
  A water elemental (D)
  A wizard (D)
  A human (D)
  A kobold demonologist (D)
  A wolf (D)
  An ooze (D)
  3 rats (D)
9 creatures vanquished.

Vanquished Creatures (others)
  2 draconian scorchers (D)
  6 hellions (D)
  A yaktaur (D)
  3 plants (D)
12 creatures vanquished.

Grand Total: 21 creatures vanquished

Notes
Turn   | Place    | Note
-------+----------+-------------------------------------------
     0 | D        | nuthulu the Troll Berserker began the quest for the Orb.
     0 | D        | Reached XP level 1. HP: 22/22 MP: 0/0
    20 | D        | Killed a yaktaur
    40 | D        | Reached ** piety under Trog
    91 | D        | Reached skill level 4 in Unarmed Combat
    91 | D        | Reached XP level 2. HP: 32/32 MP: 1/1
   134 | D        | Killed a hellion
   136 | D        | Killed a hellion
   137 | D        | Killed a hellion
   143 | D        | Reached XP level 3. HP: 39/39 MP: 2/2
   170 | D        | Gained mutation: Your movements are slightly less
                  | encumbered by armour. (ER -2) [potion of mutation]
   170 | D        | Gained mutation: Your flesh is cold resistant. (rC+)
                  | [potion of mutation]
   170 | D        | Gained mutation: Your skin changes colour to match your
                  | surroundings (Stealth+). [potion of mutation]
   174 | D        | Lost mutation: Your movements are slightly less encumbered
                  | by armour. (ER -2) [potion of mutation]
   174 | D        | Lost mutation: Your flesh is cold resistant. (rC+) [potion
                  | of mutation]
   174 | D        | Gained mutation: You are dopey. (Int -2) [potion of
                  | mutation]
   174 | D        | Gained mutation: Your movements are slightly less
                  | encumbered by armour. (ER -2) [potion of mutation]
   174 | D        | Lost mutation: Your movements are slightly less encumbered
                  | by armour. (ER -2) [potion of mutation]
   174 | D        | Gained mutation: You have sharp toenails. [potion of
                  | mutation]
   175 | D        | Lost mutation: You are dopey. (Int -2) [potion of mutation]
   175 | D        | Lost mutation: Your skin changes colour to match your
                  | surroundings (Stealth+). [potion of mutation]
   175 | D        | Gained mutation: Scrolls take you a little longer to read.
                  | [potion of mutation]
   175 | D        | Gained mutation: Scrolls take you longer to read. [potion
                  | of mutation]
   175 | D        | Gained mutation: You are agile. (Dex +2) [potion of
                  | mutation]
   175 | D        | Gained mutation: Your movements are slightly less
                  | encumbered by armour. (ER -2) [potion of mutation]
   178 | D        | Noticed a water elemental
   183 | D        | Killed a water elemental
   183 | D        | Reached skill level 5 in Unarmed Combat
   183 | D        | Reached XP level 4. HP: 49/49 MP: 3/3
   204 | D        | Killed a hellion
   205 | D        | Killed a hellion
   211 | D        | Killed a white draconian scorcher
   237 | D        | Killed a hellion
   244 | D        | Killed a white draconian scorcher
   278 | D        | Found a radiant altar of Vehumet.
   278 | D        | Found a deep blue altar of Sif Muna.
   278 | D        | Found an ancient bone altar of Kikubaaqudgha.
   278 | D        | Noticed a wizard
   283 | D        | Killed a wizard
   283 | D        | Reached *** piety under Trog
   283 | D        | Reached skill level 5 in Fighting
   283 | D        | Reached skill level 5 in Dodging
   283 | D        | Reached skill level 6 in Unarmed Combat
   284 | D        | Noticed a sixfirhy
   286 | D        | Reached XP level 5. HP: 57/57 MP: 4/4
   320 | D        | Found a glowing silver altar of Zin.
   321 | D        | Found a glowing golden altar of the Shining One.
   321 | D        | Found a white marble altar of Elyvilon.
   321 | D        | Noticed a deep elf mage
   321 | D        | Killed from afar by a deep elf mage

Skill      XL: |  1  2  3  4 |
---------------+-------------+-----
Fighting       | 3 4 5 |  5.3
Dodging        | 3 4 5 |  5.3
Unarmed Combat | 4 5 6 |  6.4

Action                   |  1- 3 |  4- 6 || total
-------------------------+-------+-------++-------
Melee: Unarmed           |    22 |     6 ||    28
       Punch             |     1 |       ||     1
       Kick              |     1 |     2 ||     3
Invok: Berserk           |     2 |     1 ||     3
       Trog's Hand       |     1 |       ||     1
  Use: Scroll            |     4 |       ||     4
       Potion            |     3 |       ||     3
  Eat: Chunk             |     7 |       ||     7
Armor: Animal skin       |     5 |       ||     5
Dodge: Dodged            |    10 |     2 ||    12
